 Dungeon Crawl Stone Soup version 0.31-a0-175-g9f7f995f2b (webtiles) character file.

Game seed: 592683014569720373

585 qw the Shooter (level 7, -7/44 HPs)
             Began as a Gargoyle Hunter on June 16, 2023.
             Was a Follower of Okawaru.
             Mangled by a yak (10 damage)
             ... on level 4 of the Dungeon.
             The game lasted 00:01:01 (3470 turns).

qw the Shooter (Gargoyle Hunter)                    Turns: 3470, Time: 00:01:02

Health: -7/44      AC: 16    Str: 14    XL:     7   Next: 37%
Magic:  6/9        EV: 13    Int: 10    God:    Okawaru [*.....]
Gold:   204        SH:  0    Dex: 15    Spells: 6/6 levels left

rFire   . . .        Y - +3 shortbow (drain)
rCold   . . .        (shield currently unavailable)
rNeg    + . .        k - +0 ring mail
rPois   inf          d - +0 helmet
rElec   +            (no cloak)
rCorr   .            (no gloves)
SInv    .            (no boots)
Will    .....        g - amulet of faith
Stlth   +++          e - +4 ring of protection
HPRegen 0.27/turn    (no ring)
MPRegen 0.11/turn

%: faith
@: heroic
A: sickness immunity, AC +4, negative energy resistance 1, electricity
resistance, torment resistance 1, petrification resistance
a: Renounce Religion, Heroism


You were on level 4 of the Dungeon.
You worshipped Okawaru.
Okawaru was aware of your devotion.
You visited 1 branch of the dungeon, and saw 5 of its levels.

You collected 231 gold pieces.
You spent 27 gold pieces at shops.


Innate Abilities, Weirdness & Mutations

You are immune to sickness and miasma.
Your stone body is resilient. (AC +4)
You are immune to poison.
You resist negative energy. (rN+)
You are resistant to electric shocks. (rElec)
You are resistant to unholy torment.
You are immune to petrification.


   Skills:
 - Level 4.7(9.7) Fighting
 + Level 6.9(11.9) Ranged Weapons
 - Level 1.2(6.2) Armour
 - Level 1.5(6.5) Dodging
 - Level 1.1(6.1) Stealth
 + Level 3.1 Invocations


You had 6 spell levels left.
You didn't know any spells.
Your spell library was empty.

Inventory:

Hand Weapons
 c - a +0 sling
 Y - a +3 shortbow of draining (weapon)
Armour
 d - a +0 helmet (worn)
 k - a +0 ring mail (worn)
Jewellery
 e - a +4 ring of protection (left hand)
 g - an amulet of faith (around neck)
 h - a ring of ice
Scrolls
 a - a scroll of identify
Potions
 f - a potion of might
 i - a potion of haste {unknown}
 j - a potion of brilliance {unknown}
 l - a potion of resistance {unknown}

Dungeon Overview and Level Annotations

Branches:
Dungeon (5/15)             Temple (0/1) D:4

Altars:
Elyvilon
Okawaru
Ru
Xom

Shops:
D:3 =[   D:4 (

Annotations:
D:3 2 runed translucent doors, qw's ghost, amateur GrHu


Message History

What level of the Dungeon? (default 1, ? - help)
You climb downwards.
The hound barks!
The yak gores you but does no damage. x2
There is a stone staircase leading up here.
You shoot an arrow. The arrow hits the yak.
You drain the yak.
The yak is moderately wounded.
The yak closely misses you. The yak gores you.
The yak gores you but does no damage. The yak closely misses you.
The yak gores you but does no damage. The yak barely misses you.
3463 ||| STAIRDANCE The hound bites you but does no damage.
The yak gores you. The yak gores you! The yak gores you but does no damage.
You climb upwards.
There is a stone staircase leading down here.
3465 ||| INVOKING Heroism.
You gain the combat prowess of a mighty hero.
The hound misses you. The hound closely misses you. The yak gores you!
The yak closely misses you. The yak gores you.
You shoot an arrow. The arrow hits the yak.
You drain the yak.
The yak is heavily wounded.
The hound bites you but does no damage. The yak misses you.
The yak gores you but does no damage. The yak gores you!
You shoot an arrow. The arrow hits the yak!
You drain the yak.
You kill the yak!
Okawaru is honoured by your kill. The hound misses you.
Your Invocations skill increases to level 3!
You shoot an arrow. The arrow hits the yak.
You drain the yak.
The yak is lightly wounded.
The hound completely misses you. The yak misses you. The yak barely misses you.
The hound misses you.
You shoot an arrow. The arrow hits the yak.
The yak is lightly wounded.
The yak gores you but does no damage. The yak gores you.
The hound barely misses you.
You shoot an arrow. The arrow hits the yak.
You drain the yak.
The yak is heavily wounded.
The hound bites you but does no damage. The yak gores you!
You die...

..#.#..#.# #.########....#
#.#.#..#.# #.# #....#
#.#.#..#.# #.# ######
#.#.#..#.# #.#
#.#)#..#.###'######
#.#.#..#.##.......#
#.#....#.##.......#
#.##...#.##......Y###
#.##...........Y@.#.##
#....#.#..##.##.h....#
######.#..##.##......#
######.#..##.##......######
.....#.#..##.######'##....#
####.#.#..##.# #.##....#
#.#.#..##.######.##....#
#.#.#..#.........##...(#
#.#.###############....##


You could see 2 yaks and a hound.

Vanquished Creatures
  2 yaks (D:4)
  An ogre (D:4)
  An orc priest (D:3)
  An iguana (D:4)
  An orc wizard (D:3)
  3 gnolls (D:2)
  5 adders
  A dart slug (D:2)
  14 orcs
  6 ball pythons
  2 bats (D:1)
  3 endoplasms
  7 hobgoblins
  2 quokkas
  3 frilled lizards
  A goblin (D:2)
  6 kobolds
  6 rats
65 creatures vanquished.

Notes
Turn   | Place    | Note
-------+----------+-------------------------------------------
     0 | D:1      | qw the Gargoyle Hunter began the quest for the Orb.
     0 | D:1      | Reached XP level 1. HP: 12/12 MP: 1/1
     0 | D:1      | 0 ||| qw: Version: 0.2-a-29-g511e9b1
     0 | D:1      | 0 ||| qw: Game counter: 5739
     0 | D:1      | 0 ||| qw: Always use a shield: true
     0 | D:1      | 0 ||| qw: God list: Okawaru
     0 | D:1      | 0 ||| qw: Allow faded altars: false
     0 | D:1      | 0 ||| qw: Do Orc after D:15 true
     0 | D:1      | 0 ||| qw: Do second Lair branch before Depths: true
     0 | D:1      | 0 ||| qw: Lair rune preference: random
     0 | D:1      | 0 ||| qw: Plans: Normal, Zot:1-4, Slime:5, God:TSO, Crypt,
                  | Tomb, Abyss, Pan, Hells, Win
     0 | D:1      | 0 ||| PLANNING D:1-11
   394 | D:1      | Reached XP level 2. HP: 17/17 MP: 2/2
  1012 | D:1      | 1012 ||| UPGRADING to amulet of faith.
  1017 | D:1      | 1017 ||| READING 2 scrolls labelled HERUSUKAIKO.
  1018 | D:1      | 1018 ||| READING 2 scrolls labelled ZIYHAO TUBUBUTT.
  1019 | D:1      | 1019 ||| READING scroll of enchant weapon.
  1019 | D:1      | 1019 ||| ENCHANTING +1 shortbow.
  1020 | D:1      | 1020 ||| DROPPING scroll of butterflies.
  1046 | D:2      | 1046 ||| STAIRDANCE
  1090 | D:2      | Reached skill level 5 in Ranged Weapons
  1090 | D:2      | Reached XP level 3. HP: 21/21 MP: 3/3
  1251 | D:2      | Reached skill level 3 in Fighting
  1328 | D:2      | Reached XP level 4. HP: 28/28 MP: 4/4
  1384 | D:2      | Found an iron altar of Okawaru.
  1385 | D:2      | 1385 ||| PLANNING OKAWARU WORSHIP
  1385 | D:2      | 1385 ||| READING scroll labelled QIYRO XOACVA.
  1386 | D:2      | 1386 ||| READING scroll labelled JIOPONG FOKI.
  1387 | D:2      | 1387 ||| READING scroll labelled ALONTA WEDOA.
  1388 | D:2      | 1388 ||| READING 3 scrolls labelled TUIMES QUS ACUMOI.
  1389 | D:2      | 1389 ||| DROPPING 2 scrolls of fog.
  1397 | D:2      | Became a worshipper of Warmaster Okawaru
  1398 | D:2      | 1398 ||| PLANNING D:1-11
  1453 | D:2      | 1453 ||| FLEEEEING.
  1454 | D:2      | 1454 ||| FLEEEEING.
  1455 | D:2      | 1455 ||| FLEEEEING.
  1456 | D:2      | 1456 ||| FLEEEEING.
  1457 | D:2      | 1457 ||| FLEEEEING.
  1462 | D:2      | 1462 ||| FLEEEEING.
  1463 | D:2      | 1463 ||| FLEEEEING.
  1464 | D:2      | 1464 ||| FLEEEEING.
  1480 | D:2      | 1480 ||| FLEEEEING.
  1516 | D:2      | Identified the +9 long sword "Ackeam" {pain, rElec}
  1624 | D:2      | 1624 ||| UPGRADING to +0 helmet.
  1672 | D:3      | Found a shimmering altar of Xom.
  1750 | D:3      | Reached XP level 5. HP: 32/32 MP: 5/5
  1753 | D:3      | Reached skill level 6 in Ranged Weapons
  1819 | D:3      | Found Janaxycy's Jewellery Emporium.
  1823 | D:3      | Found a runed translucent door.
  1828 | D:3      | 1828 ||| SHOPLISTING amulet of guardian spirit (360 gold,
                  | have 120).
  1828 | D:3      | 1828 ||| SHOPLISTING amulet of regeneration (360 gold, have
                  | 120).
  1828 | D:3      | 1828 ||| SHOPLISTING amulet of the acrobat (360 gold, have
                  | 120).
  1828 | D:3      | 1828 ||| SHOPLISTING ring of fire (300 gold, have 120).
  1828 | D:3      | 1828 ||| SHOPLISTING ring of resist corrosion (240 gold,
                  | have 120).
  1896 | D:3      | Found Tieh's Armour Shop.
  1907 | D:3      | Found a runed translucent door.
  1909 | D:3      | 1909 ||| SHOPLISTING +0 cloak of Kihoixt {Str+3} (249 gold,
                  | have 130).
  1909 | D:3      | 1909 ||| SHOPLISTING +0 leather armour "Aklaseru" {Str+4}
                  | (243 gold, have 130).
  1909 | D:3      | 1909 ||| SHOPLISTING +1 helmet of see invisible (231 gold,
                  | have 130).
  1909 | D:3      | 1909 ||| SHOPLISTING +1 swamp dragon scales (798 gold, have
                  | 130).
  1909 | D:3      | 1909 ||| SHOPLISTING +2 ring mail of fire resistance (294
                  | gold, have 130).
  1909 | D:3      | 1909 ||| SHOPLISTING +4 ring mail of poison resistance (392
                  | gold, have 130).
  1912 | D:3      | Noticed qw's ghost (amateur GrHu)
  2065 | D:3      | Reached skill level 1 in Armour
  2074 | D:3      | Found a faded altar of an unknown god.
  2346 | D:3      | 2346 ||| UPGRADING to +0 ring mail.
  2356 | D:3      | 2356 ||| DROPPING +0 leather armour.
  2357 | D:3      | 2357 ||| UPGRADING to +4 ring of protection.
  2358 | D:3      | 2358 ||| READING scroll labelled OVUZXIASHRE.
  2500 | D:4      | Found a white marble altar of Elyvilon.
  2502 | D:4      | Noticed an ogre
  2507 | D:4      | Killed an ogre
  2507 | D:4      | Reached * piety under Okawaru
  2508 | D:4      | Reached XP level 6. HP: 39/39 MP: 6/6
  2529 | D:4      | Found a staircase to the Ecumenical Temple.
  2536 | D:4      | 2536 ||| READING scroll of enchant weapon.
  2536 | D:4      | 2536 ||| ENCHANTING +2 shortbow of draining.
  2566 | D:4      | Found Suoczear's Antique Weapon Emporium.
  2574 | D:4      | 2574 ||| BUYING sling (27 gold).
  2574 | D:4      | Bought a sling for 27 gold pieces
  2674 | D:4      | Found a sacrificial altar of Ru.
  3210 | D:4      | 3210 ||| READING scroll labelled SIULUN NILEWK.
  3311 | D:4      | 3311 ||| READING 3 scrolls of identify.
  3311 | D:4      | 3311 ||| IDENTIFYING coppery potion
  3312 | D:4      | 3312 ||| READING 2 scrolls of identify.
  3312 | D:4      | 3312 ||| IDENTIFYING black potion
  3313 | D:4      | 3313 ||| DROPPING potion of degeneration.
  3366 | D:5      | Entered Level 5 of the Dungeon
  3366 | D:5      | Noticed a yak
  3366 | D:5      | Noticed a yak
  3366 | D:5      | Noticed a yak
  3366 | D:5      | Noticed a yak
  3369 | D:5      | 3369 ||| STAIRDANCE
  3372 | D:4      | 3372 ||| INVOKING Heroism.
  3373 | D:4      | 3373 ||| INVOKING Heroism.
  3376 | D:4      | Killed a yak
  3377 | D:4      | Reached XP level 7. HP: 21/44 MP: 4/8
  3463 | D:5      | 3463 ||| STAIRDANCE
  3465 | D:4      | 3465 ||| INVOKING Heroism.
  3466 | D:4      | HP: 6/44 [yak (11)]
  3467 | D:4      | Killed a yak
  3468 | D:4      | Reached skill level 3 in Invocations
  3469 | D:4      | HP: 2/44 [yak (4)]
  3470 | D:4      | Mangled by a yak

Levels and vault maps discovered:
D:1:      saegor_arrival_simple_c, layout_basic, chequers_serial_rivers_small_a,
          minmay_tetromino_s2
D:2:      layout_rooms, basic_altar
D:3:      layout_basic, nicolae_overflow_crystal_walls, ebering_ghost_sewer_f,
          serial_shops, shop, shop, shapermc_ecumenical_altar_petra,
          minivault_26
D:4:      layout_basic, lemuel_round_altar, lemuel_round_altar,
          minmay_temple_entry_tees, serial_shops, nicolae_diamond_shop,
          nicolae_titane
D:5:      layout_loops_ring, serial_shops, shop, uniq_blork_the_orc

Skill      XL: |  1  2  3  4  5  6  7 |
---------------+----------------------+-----
Ranged Weapons | 5 6 |  6.9
Fighting       | 3 4 |  4.7
Armour         | 1 |  1.2
Invocations    | 2 3 |  3.1
Dodging        | |  1.5
Stealth        | |  1.1

Action                     |  1- 3 |  4- 6 |  7- 9 || total
---------------------------+-------+-------+-------++-------
   Fire: Shortbow          |    74 |    83 |     6 ||   163
 Invoke: Heroism           |       |     1 |     1 ||     2
    Use: Scroll            |     3 |     9 |       ||    12
 Armour: Leather armour    |     4 |     5 |       ||     9
         Ring mail         |       |     1 |    10 ||    11
  Dodge: Dodged            |    15 |    12 |    13 ||    40

Table legend:
 A = Non-vault XP
 B = Vault XP
 C = Vault XP percentage of total XP
 D = Non-vault monster count
 E = Vault monster count
 F = Vault count percentage of total count
                 A         B        C        D         E       F
            +---------+---------+-------+---------+---------+-------
      Total |     833 |       3 |   0.4 |      63 |       2 |   3.1
            +---------+---------+-------+---------+---------+-------
        D:1 |      30 |       3 |   9.1 |      11 |       2 |  15.4
        D:2 |      98 |       0 |   0.0 |      23 |       0 |   0.0
        D:3 |     113 |       0 |   0.0 |      13 |       0 |   0.0
        D:4 |     592 |       0 |   0.0 |      16 |       0 |   0.0
            +---------+---------+-------+---------+---------+-------
